 Dungeon Crawl Stone Soup version 0.32-a0-932-g546787307d (webtiles) character file.

Game seed: 290694648976678901

5478 Decritt the Fighter (level 11, -1/85 HPs)
             Began as a Djinni Hedge Wizard on Apr 14, 2024.
             Was an Initiate of Makhleb.
             Slain by a five-headed hydra (9 damage)
             ... on level 7 of the Dungeon.
             The game lasted 00:31:54 (8715 turns).

Decritt the Fighter (Djinni Hedge Wizard)           Turns: 8715, Time: 00:31:55

Health: -1/85      AC:  4    Str:  6    XL:     11   Next: 0%
Gold:   187        EV: 17    Int: 20    God:    Makhleb [......] SH:  5 Dex: 24

rFire   + . .        s - +4 quarterstaff (chaos)
rCold   + . .        (shield currently unavailable)
rNeg    . . .        x - +0 robe "Igohab" {rC+ Will+ Str-3 Dex+6}
rPois   ∞            c - +0 hat
rElec   .            g - +0 cloak
rCorr   .            l - +0 pair of gloves
SInv    +            (boots unavailable)
Will    ++...        q - amulet of reflection
Stlth   +            e - ring of ice
HPRegen 0.34/turn    i - ring of Jifram {Dex+5 SInv Stlth-}

%: reflection, infuse magic (-2 HP)
@: on blink cooldown, flying
A: sickness immunity, fire resistance 2, cold vulnerability 1, float, innate
caster, HP casting, extra vitality 1
a: Renounce Religion


You were on level 7 of the Dungeon.
You worshipped Makhleb.
Makhleb was noncommittal.
You visited 2 branches of the dungeon, and saw 8 of its levels.

You collected 429 gold pieces.
You spent 242 gold pieces at shops.

Inventory:

Hand Weapons
 p - a +4 dagger
 s - a +4 quarterstaff of chaos (weapon)
Armour
 c - a +0 hat (worn)
 g - a +0 cloak (worn)
 l - a +0 pair of gloves (worn)
 x - the +0 robe "Igohab" (worn) {rC+ Will+ Str-3 Dex+6}
   (You found it on level 4 of the Dungeon)

   Str-3:     It affects your strength (-3).
   Dex+6:     It affects your dexterity (+6).
   rC+:       It protects you from cold.
   Will+:     It increases your willpower.
Jewellery
 e - a ring of ice (left hand)
 i - the ring of Jifram (right hand) {Dex+5 SInv Stlth-}
   (You acquired it on level 6 of the Dungeon)

   [ring of see invisible]

   Dex+5:     It affects your dexterity (+5).
   SInv:      It lets you see invisible.
   Stlth-:    It makes you less stealthy.
 q - an amulet of reflection (around neck)
 y - a +6 ring of strength
 z - a ring of ice
Wands
 b - a wand of roots (19)
 r - a wand of acid (9)
 v - a wand of paralysis (7)
 B - a wand of polymorph (6)
Scrolls
 d - a scroll of fear
 h - a scroll of poison
 m - 2 scrolls of immolation
 t - a scroll of vulnerability
 u - 3 scrolls of teleportation
 A - a scroll of revelation {unknown}
 C - a scroll of silence {unknown}
Potions
 a - 2 potions of might
 f - 2 potions of enlightenment
 j - 6 potions of curing
 k - 3 potions of heal wounds
 n - 4 potions of haste
 o - a potion of lignification {unknown}
 w - 3 potions of mutation


   Skills:
 * Level 9.9 Fighting
 - Level 3.5 Armour
 + Level 7.6 Dodging
 - Level 1.5 Stealth
 * Level 8.0 Spellcasting
 * Level 8.0 Conjurations
 * Level 8.0 Hexes
   Level 0.0 Charms
 * Level 8.0 Summonings
 * Level 8.0 Necromancy
 * Level 8.0 Translocations
   Level 0.0 Transmutations
 * Level 8.0 Fire Magic
 * Level 8.0 Ice Magic
 * Level 8.0 Air Magic
 * Level 8.0 Earth Magic
 * Level 8.0 Alchemy


You knew the following spells:

 Your Spells              Type           Power      Damage    Failure   Level
a - Magic Dart            Conj           100%       1d8       1%          1
b - Sting                 Conj/Alch      100%       1d9       1%          1
c - Sticky Flame          Fire/Alch      40%        2d8       3%          4
d - Mephitic Cloud        Conj/Alch/Air  40%        N/A       1%          3
e - Ensorcelled Hibernat  Hex/Ice        100%       N/A       1%          2
f - Cause Fear            Hex            20%        N/A       3%          4
g - Call Imp              Summ           80%        N/A       1%          2
h - Slow                  Hex            100%       N/A       1%          1
o - Ozocubu's Armour      Ice            56%        N/A       1%          3
z - Blink                 Tloc           80%        N/A       1%          2
Your spell library was empty.

Dungeon Overview and Level Annotations

Branches:
Dungeon (7/15)             Temple (1/1) D:7

Altars:
Ashenzari
Cheibriados
Dithmenos
Elyvilon
Fedhas
Gozag
Hepliaklqana
Makhleb
Nemelex Xobeh
Okawaru
Qazlal
Ru
Trog
Uskayaw
Wu Jian
Xom
Yredelemnul
Zin
The Shining One

Shops:
D:4 !   D:6 (

Annotations:
D:7 3 runed translucent doors, ouz's ghost, novice FoFi


Innate Abilities, Weirdness & Mutations

You are immune to sickness and miasma.
You are immune to poison.
Your flesh is very heat resistant. (rF++)
You are vulnerable to cold. (rC-)
You float through the air rather than walking.
You learn spells naturally, not from books.
Your magical power is your life essence.
You have superior vitality. (+4 MHP)


Message History

Okay, then.
Casting: Sting (safe; 1% risk of failure)
Confirm with . or Enter, or press ? or * to list all spells.
You blink.
* * * LOW HITPOINT WARNING * * *
The boulder beetle bites you!
* * * LOW HITPOINT WARNING * * *
Okay, then.
Okay, then.
You feel much better. The boulder beetle closely misses you.
Okay, then.
Okay, then.
Casting: Blink (safe; 1% risk of failure)
Confirm with . or Enter, or press ? or * to list all spells.
You are still too unstable to blink.
Okay, then.
Casting: Blink (safe; 1% risk of failure)
Confirm with . or Enter, or press ? or * to list all spells.
Okay, then.
Casting: Blink (safe; 1% risk of failure)
Confirm with . or Enter, or press ? or * to list all spells.
Aiming: Mephitic Cloud (safe; 1% risk of failure)
Press: ? - help, Shift-Dir - straight line, f - boulder beetle
Aim: a boulder beetle (chance to affect: 43%)
The ball explodes into a vile cloud!
The stinking cloud engulfs the boulder beetle.
The stinking cloud engulfs you.
The stinking cloud engulfs the five-headed hydra.
* * * LOW HITPOINT WARNING * * *
You hear an angry hiss.
You hear an angry buzzing noise.
The boulder beetle is engulfed in noxious fumes.
The boulder beetle barely misses you. The five-headed hydra bites you!
* * * LOW HITPOINT WARNING * * *
The five-headed hydra bites you.
* * * LOW HITPOINT WARNING * * *
The five-headed hydra barely misses you.
The five-headed hydra bites you!
* * * LOW HITPOINT WARNING * * *
The five-headed hydra bites you!
You die...

.... #. ..... #. ...#
### #. ... ♣♣.♣♣#.
#♣...♣#. # # #.....#. #
.# #.....#. ##.#
##+########.[)..#. )..#
#@§§#.....#.♣♣♣.#.
)..#~P~
♣DB§♣.♣♣♣.♣♣.♣.♣#.
.....~P~ +§ß>'.♣
♣...♣♣♣... ...#♣♣♣~
♣)).♣.♣♣♣.♣♣.♣.♣#. ...#
#...#.....#.♣♣♣.#. ...#
#####'########...†.#.
...# ♣.........♣
#.....#. ...#
♣..♣♣♣♣)♣♣♣♣..♣#.....#.
...# .~.. #♣...♣#.


You could see a boulder beetle and a five-headed hydra.

Vanquished Creatures
  A boulder beetle (D:6)
  2 deep elf pyromancers
  Maurice (D:7)
  A vampire mosquito (D:7)
  Menkaure (D:5)
  Eustachio (D:4)
  A steam dragon (D:5)
  Edmund (D:5)
  2 black bears
  3 ice beasts
  3 ogres
  A centaur (D:6)
  3 phantoms
  5 kobold brigands
  2 bullfrogs (D:7)
  3 scorpions
  8 wights
  2 killer bees (D:7)
  2 hounds
  5 jellies
  Crazy Yiuf (D:3)
  2 orc priests
  Ijyb (D:5)
  3 iguanas
  3 sleepcaps
  Natasha (thrice) (D:3)
  5 orc wizards
  6 adders
  A white imp (D:4)
  2 ufetubi (D:6)
  A dart slug (D:4)
  20 orcs
  2 bats
  7 endoplasms
  5 giant cockroaches
  8 goblins
  11 hobgoblins
  5 quokkas
  3 ball pythons
  2 frilled lizards
  26 kobolds
  7 rats
172 creatures vanquished.

Vanquished Creatures (collateral kills)
  A scorpion (D:6)
1 creature vanquished.

Grand Total: 173 creatures vanquished

Notes
Turn   | Place    | Note
-------+----------+-------------------------------------------
     0 | D:1      | Decritt the Djinni Hedge Wizard began the quest for the
                  | Orb.
     0 | D:1      | Decritt set off with the following spells memorised: Magic
                  | Dart, Slow, Blink, Call Imp, Mephitic Cloud.
     0 | D:1      | Reached XP level 1. HP: 15/15 MP: 0/0
    71 | D:1      | Reached XP level 2. HP: 20/22 MP: 0/0
   250 | D:1      | Reached skill level 1 in Fighting
   531 | D:1      | Reached XP level 3. HP: 26/27 MP: 0/0
   531 | D:1      | Learned a level 1 spell: Sting
   962 | D:2      | Found a faded altar of an unknown god.
  1425 | D:3      | Reached skill level 1 in Armour
  1495 | D:3      | Reached XP level 4. HP: 28/33 MP: 0/0
  1578 | D:3      | Reached skill level 2 in Fighting
  1679 | D:3      | Found a sacrificial altar of Ru.
  1691 | D:3      | Reached XP level 5. HP: 31/39 MP: 0/0
  1691 | D:3      | Learned a level 2 spell: Ensorcelled Hibernation
  1923 | D:3      | Noticed Natasha
  1930 | D:3      | Killed Natasha
  2026 | D:3      | Found a runed translucent door.
  2027 | D:3      | Noticed Crazy Yiuf
  2079 | D:3      | Noticed Natasha
  2085 | D:3      | Killed Natasha
  2179 | D:3      | Noticed Natasha
  2184 | D:3      | Killed Natasha
  2185 | D:3      | Reached XP level 6. HP: 35/45 MP: 0/0
  2325 | D:4      | Reached skill level 3 in Fighting
  2518 | D:4      | Reached XP level 7. HP: 36/51 MP: 0/0
  2518 | D:4      | Learned a level 3 spell: Ozocubu's Armour
  2754 | D:4      | Reached skill level 4 in Fighting
  2989 | D:4      | Found Qazud's Distillery.
  2997 | D:4      | Bought a potion of heal wounds for 55 gold pieces
  3142 | D:4      | Identified the +0 robe "Igohab" {rC+ Will+ Str-3 Dex+6}
  3175 | D:4      | Noticed Eustachio
  3224 | D:4      | Killed Eustachio
  3225 | D:4      | Reached XP level 8. HP: 42/58 MP: 0/0
  3524 | D:3      | Killed Crazy Yiuf
  3616 | D:5      | Entered Level 5 of the Dungeon
  3666 | D:5      | Reached skill level 5 in Spellcasting
  3666 | D:5      | Reached skill level 5 in Conjurations
  3666 | D:5      | Reached skill level 5 in Hexes
  3666 | D:5      | Reached skill level 5 in Summonings
  3666 | D:5      | Reached skill level 5 in Necromancy
  3666 | D:5      | Reached skill level 5 in Translocations
  3666 | D:5      | Reached skill level 5 in Fire Magic
  3666 | D:5      | Reached skill level 5 in Ice Magic
  3666 | D:5      | Reached skill level 5 in Air Magic
  3666 | D:5      | Reached skill level 5 in Earth Magic
  3666 | D:5      | Reached skill level 5 in Alchemy
  3713 | D:5      | Reached skill level 5 in Fighting
  3737 | D:5      | Noticed Edmund
  4037 | D:5      | Killed Edmund
  4257 | D:5      | You are sucked into a shaft and drop 1 floor!
  4265 | D:6      | Identified a scroll of acquirement
  4265 | D:6      | Acquired the ring of Jifram {Dex+5 SInv Stlth-}
  4280 | D:6      | Found Ojijeadi's Antique Weapon Shoppe.
  4400 | D:5      | Noticed Menkaure
  4543 | D:5      | Noticed Ijyb
  4555 | D:5      | Killed Ijyb
  4669 | D:5      | Reached skill level 6 in Fighting
  4669 | D:5      | Reached skill level 5 in Dodging
  4669 | D:5      | Reached XP level 9. HP: 47/66 MP: 0/0
  4669 | D:5      | Learned a level 4 spell: Sticky Flame
  4995 | D:5      | Killed Menkaure
  5155 | D:5      | Found a hazy altar of Hepliaklqana.
  5245 | D:5      | Reached skill level 7 in Fighting
  5370 | D:4      | Bought a potion of mutation for 88 gold pieces
  5370 | D:4      | Bought a potion of mutation for 88 gold pieces
  5370 | D:4      | Bought a potion of degeneration for 11 gold pieces
  6834 | D:7      | Found a runed translucent gate.
  6834 | D:7      | Found a runed translucent gate.
  6836 | D:7      | Found a runed translucent gate.
  6858 | D:7      | Noticed ouz's ghost (novice FoFi)
  6861 | D:7      | Noticed a gargoyle
  6963 | D:7      | Reached skill level 8 in Fighting
  6963 | D:7      | Reached XP level 10. HP: 21/76 MP: 0/0
  7258 | D:7      | Found a staircase to the Ecumenical Temple.
  7266 | D:7      | Noticed Maurice
  7272 | D:7      | Killed Maurice
  7287 | Temple   | Found a transporter.
  7287 | Temple   | Found a transporter.
  7287 | Temple   | Found a transporter.
  7287 | Temple   | Found a transporter.
  7287 | Temple   | Entered the Ecumenical Temple
  7390 | Temple   | Became a worshipper of Makhleb the Destroyer
  7553 | D:7      | Found an ornate altar of the Wu Jian Council.
  7915 | D:7      | Noticed a boulder beetle
  7919 | D:7      | Reached skill level 9 in Fighting
  8091 | D:7      | Noticed a deep elf pyromancer
  8283 | D:7      | Noticed a deep elf pyromancer
  8295 | D:6      | Killed a boulder beetle
  8538 | D:6      | Killed a deep elf pyromancer
  8585 | D:7      | Killed a deep elf pyromancer
  8592 | D:7      | Reached XP level 11. HP: 56/85 MP: 0/0
  8592 | D:7      | Learned a level 4 spell: Cause Fear
  8611 | D:7      | Noticed a five-headed hydra
  8613 | D:7      | Noticed a boulder beetle
  8715 | D:7      | Slain by a five-headed hydra

Illustrated notes

Levels and vault maps discovered:
D:1:      eino_arrival_tree_alley, layout_rooms
D:2:      layout_loops_ring, shapermc_ecumenical_altar_pompeii,
          columned_hall_lemuel, feat_on_display
D:3:      layout_rooms, nicolae_ru_great_annihilating_truth, uniq_natasha,
          uniq_crazy_yiuf_cottage
D:4:      layout_loops_ring, serial_shops, nicolae_shop_just_a_little_nook,
          kennysheep_crisscross, uniq_eustachio
D:5:      layout_basic, mainiacjoe_overflow_alcove_4, uniq_ijyb, uniq_edmund,
          uniq_menkaure
D:6:      layout_layer_cave, serial_shops, nicolae_shop_tiny_real_fake_doors,
          grunt_ministairs_13, kennysheep_minor_cross, nrook_loot_triangle
D:7:      nzn_winding_woodlands_stair_cross
          [nzn_winding_woodlands_5x15_lazy_stream,
          nzn_winding_woodlands_center_triple_pond,
          nzn_winding_woodlands_5x15_zeroes, nzn_winding_woodlands_5x5_default,
          nzn_winding_woodlands_5x5_perimeter, nzn_winding_woodlands_5x15_eye,
          nzn_winding_woodlands_center_pierced_h,
          nzn_winding_woodlands_5x15_parted], layout_cave_pools,
          nicolae_wu_jian_glorious_leap, minmay_temple_entry_statues,
          gammafunk_ghost_split, uniq_maurice
Temple:   hellmonk_temple_divided_pantheon

Skill      XL: |  1  2  3  4  5  6  7  8  9 10 |
---------------+-------------------------------+-----
Fighting       | 1 2 3 4 6 8 9 |  9.9
Armour         | 1 2 3 |  3.5
Dodging        | 3 4 5 6 7 |  7.6
Spellcasting   | 4 5 6 8 |  8.0
Conjurations   | 4 5 6 8 |  8.0
Hexes          | 4 5 6 8 |  8.0
Summonings     | 4 5 6 8 |  8.0
Necromancy     | 4 5 6 8 |  8.0
Translocations | 4 5 6 8 |  8.0
Fire Magic     | 4 5 6 8 |  8.0
Ice Magic      | 4 5 6 8 |  8.0
Air Magic      | 4 5 6 8 |  8.0
Earth Magic    | 4 5 6 8 |  8.0
Alchemy        | 4 5 6 8 |  8.0
Stealth        | |  1.5

Action                     |  1- 3 |  4- 6 |  7- 9 | 10-12 || total
---------------------------+-------+-------+-------+-------++-------
  Melee: Dagger            |       |    30 |     3 |       ||    33
         Quarterstaff      |       |       |    15 |     1 ||    16
   Cast: Magic Dart        |    93 |    32 |   136 |    35 ||   296
         Sting             |     9 |    23 |    96 |     8 ||   136
         Ensorcelled Hiber |       |     1 |    11 |       ||    12
         Ozocubu's Armour  |       |       |     3 |       ||     3
         Mephitic Cloud    |       |       |     7 |    14 ||    21
         Blink             |       |       |     4 |     2 ||     6
         Slow              |       |       |     4 |       ||     4
         Sticky Flame      |       |       |    31 |    43 ||    74
         Cause Fear        |       |       |       |     1 ||     1
    Use: Scroll            |     3 |     2 |     8 |       ||    13
         Potion            |       |       |     1 |     1 ||     2
   Stab: Confused          |       |       |     1 |       ||     1
 Armour: Robe              |    12 |    22 |    64 |    33 ||   131
  Dodge: Dodged            |    19 |    11 |    70 |    38 ||   138
  Block: Other             |     1 |     7 |    28 |    12 ||    48
         Reflection        |       |       |     3 |       ||     3

Table legend: (Time is in decaauts)
 A = Elapsed time spent in this place.
 B = Non-inter-level travel time spent in this place.
 C = Inter-level travel time spent in this place.
 D = Time resting spent in this place.
 E = Time spent auto-exploring this place.
 F = Levels seen in this place.
 G = Mean time per level.
                   A        B        C        D        E       F      G
               +--------+--------+--------+--------+--------+-----+--------+
         Total |   8742 |   8342 |    400 |   2217 |   4564 |   8 | 1092.8 |
       Dungeon |   8623 |   8223 |    400 |   2217 |   4476 |   7 | 1231.9 |
        Temple |    118 |    118 |      0 |      0 |     88 |   1 |  118.0 |
               +--------+--------+--------+--------+--------+-----+--------+

Top non-repeatable levels by time:
     D:6: 2319 daAuts
     D:4: 1709 daAuts
     D:5: 1115 daAuts
     D:7: 1057 daAuts
     D:3: 1004 daAuts
     D:2: 728 daAuts
     D:1: 690 daAuts
  Temple: 118 daAuts
